Get step-by-step instructions on how to execute this build order below. Start the game timer, and the build order will tick by so you can play in parallel with StarCraft on a second screen or mobile device.

Game Time

  0:00

Last Step

  N/A

Next Step

  12  0:00  SCV  

Upcoming Step

  13  0:13  SCV  

Don't want to look back and forth between 2 screens? Try out our Overwolf App, the Spawning Tool Build Advisor to get an in-game overlay with this build!

Complete Build Order

  12  0:00  SCV  
  13  0:13  SCV  
  14  0:19  Supply Depot  
  14  0:25  SCV  
  15  0:40  SCV  
  15  0:42  Barracks  
  16  0:47  Refinery  
  16  0:52  SCV  
  17  1:04  SCV  
  18  1:17  SCV  
  19  1:30  Orbital Command, Reaper  
  20  1:44  Command Center  
  20  1:51  Supply Depot  
  20  1:57  SCV  
  21  2:02  Marine  
  21  2:08  Factory  
  22  2:11  SCV  
  23  2:22  Refinery  
  23  2:24  Barracks Reactor  
  23  2:25  SCV  
  24  2:37  SCV  
  25  2:50  SCV  
  26  2:52  Hellion  
  26  2:54  Starport  
  26  2:56  Orbital Command  
  28  3:01  Marine x2  
  28  3:05  SCV  
  31  3:14  Factory Tech Lab  
  31  3:17  SCV  
  31  3:19  Marine x2  
  34  3:20  Refinery  
  34  3:24  SCV  
  35  3:31  SCV  
  36  3:36  SCV  
  36  3:38  Marine x2  
  36  3:40  Raven, Factory Tech Lab  
  41  3:49  SCV x2  
  42  3:57  Marine x2  
  42  4:01  SCV x2  
  46  4:07  Supply Depot  
  46  4:08  Supply Depot  
  46  4:20  Command Center  
  46  4:28  Raven, SCV x2, Siege Tank  
  46  4:29  Marine x2  
  55  4:33  Supply Depot  
  55  4:40  SCV x2  
  57  4:46  Marine  
  57  4:47  Marine  
  57  4:51  Barracks  
  59  4:53  SCV x2  
  59  4:54  Barracks  
  59  4:56  Supply Depot  
  59  4:59  Refinery  
  61  5:02  Siege Tank  
  61  5:05  SCV x2  
  66  5:19  SCV x2, Supply Depot  
  68  5:29  Stimpack, Marine  
  68  5:30  Viking x2  
  68  5:33  Orbital Command  
  68  5:34  SCV x2  
  75  5:43  Supply Depot, Siege Tank  
  75  5:44  Barracks Reactor  
  75  5:45  Barracks Reactor  
  78  5:50  SCV x2  
  78  5:52  Marine  
  81  6:00  Engineering Bay  
  81  6:02  Engineering Bay  
  72  6:13  SCV x2  
  70  6:20  Marine  
  70  6:21  Viking x2  
  70  6:23  SCV  
  70  6:25  SCV, Orbital Command  
  72  6:26  Refinery  
  72  6:30  Terran Infantry Weapons Level 1  
  72  6:32  Terran Infantry Armor Level 1  
  72  6:37  SCV x2  
  74  6:42  Marine x5  
  79  6:51  SCV  
  79  6:52  SCV  
  81  6:56  Siege Tank  
  81  6:57  Medivac  
  81  6:58  Medivac  
  81  6:59  Marine  
  81  7:00  Marine  
  90  7:05  SCV x2  
  92  7:10  Supply Depot  
  92  7:13  Combat Shield, Marine x2  
  94  7:18  Barracks  
  94  7:19  Barracks, SCV x2  
  94  7:22  SCV  
  96  7:23  Sensor Tower  
  96  7:28  Marine  
  96  7:29  Marine  
  98  7:31  SCV  
  98  7:32  Siege Tank  
  98  7:33  Marine x2  
  98  7:36  SCV x2  
  106  7:37  Refinery  
  106  7:39  Supply Depot, Refinery  
  106  7:42  Supply Depot  
  106  7:43  SCV  
  107  7:45  Armory  
  107  7:56  Marine x4  
  111  7:59  Marine  
  110  8:08  Marine x2  
  110  8:09  Siege Tank  
  111  8:13  Marine x2  
  111  8:18  SCV x3  
  111  8:24  Marine x3  
  112  8:28  Medivac x2  
  112  8:29  Barracks Reactor  
  112  8:30  SCV x2  
  112  8:31  Marine x2  
  119  8:35  SCV  
  118  8:41  Siege Tank, Marine  
  118  8:42  SCV, Marine x2  
  118  8:47  Barracks Reactor  
  118  8:48  SCV x2  
  126  8:49  Command Center, Marine  
  126  8:54  SCV  
  124  8:58  Medivac  
  124  9:00  SCV x2  
  128  9:08  Marine x6  
  128  9:09  Marine  
  127  9:11  Medivac  
  127  9:14  Siege Tank  
  123  9:18  SCV x3  
  123  9:23  Marine x2  
  107  9:25  Marine  
  107  9:26  Marine x5  
  107  9:27  Marine  
  107  9:28  Medivac  
  107  9:30  SCV x2  
  107  9:31  SCV  
  101  9:41  Marine x2  
  101  9:42  SCV  
  101  9:43  Marine x2  
  101  9:44  Marine x4  
  105  9:50  SCV x2  
  107  9:55  Refinery  
  107  9:57  Siege Tank  
  107  9:58  Marine x2  
  112  10:01  Marine x3  
  112  10:02  Marine x3  
  112  10:05  Factory  
  116  10:15  Barracks Reactor  
  116  10:16  Marine x2  
  116  10:19  Marine x2  
  116  10:20  Marine x2  
  123  10:29  Orbital Command  
  123  10:34  Marine x2  
  121  10:37  Marine  
  114  10:47  Marine x2  
  114  10:48  Marine  
  114  10:49  Siege Tank  
  113  10:52  SCV x2, Marine x2  
  113  10:55  Siege Tank, Marine  
  121  10:59  Barracks  
  121  11:00  SCV  
  121  11:01  Marine x2  
  124  11:04  SCV  
  124  11:09  Marine x2  
  124  11:10  SCV, Supply Depot  
  128  11:12  SCV, Supply Depot  
  128  11:18  Marine x2